 Dungeon Crawl Stone Soup version 0.29.1-1-gd02db6906a (webtiles) character file.

Game seed: 10880302147146207368

14086 quakins the Severer (level 11, 0/91 HPs)
             Began as a Minotaur Berserker on Oct 1, 2022.
             Was an Elder of Trog.
             Slain by a red ugly thing (7 damage)
             ... on level 13 of the Dungeon.
             The game lasted 01:19:45 (13288 turns).

quakins the Severer (Minotaur Berserker)           Turns: 13288, Time: 01:19:46

Health: 0/91       AC: 16    Str: 26    XL:     11   Next: 84%
Magic:  10/10      EV:  8    Int:  4    God:    Trog [****..]
Gold:   638        SH:  4    Dex: 14    Spells: 10/10 levels left

rFire   + . .      SeeInvis .   J - +1 hand axe (elec)
rCold   . . .      Faith    .   S - +0 buckler
rNeg    . . .      Spirit   .   E - +0 plate armour
rPois   .          Reflect  .   h - +1 hat
rElec   +          Harm     .   (no cloak)
rCorr   .          Rampage  .   w - +0 pair of gloves
Will    .....                   V - +0 pair of boots of Disaster {rElec Dex+4}
Stlth   ..........              y - amulet of regeneration
HPRegen 1.05/turn               i - ring of protection from fire
MPRegen 0.12/turn               G - ring of flight

@: flying, hasted, very quick
A: horns 2, retaliatory headbutt
a: Renounce Religion, Berserk, Trog's Hand, Brothers in Arms


You were on level 13 of the Dungeon.
You worshipped Trog.
Trog was greatly pleased with you.
You visited 1 branch of the dungeon, and saw 13 of its levels.

You collected 638 gold pieces.

Inventory:

Hand Weapons
 f - a +2 vampiric spear
 C - a +4 quarterstaff of chaos
 J - a +1 hand axe of electrocution (weapon)
Missiles
 d - 105 stones
 j - 5 boomerangs (quivered)
 N - 23 poisoned darts
 R - 6 silver javelins
Armour
 h - a +1 hat (worn)
 o - +0 acid dragon scales
 w - a +0 pair of gloves (worn)
 E - a +0 plate armour (worn)
 P - +0 steam dragon scales
 S - a +0 buckler (worn)
 V - the +0 pair of boots of Disaster (worn) {rElec Dex+4}
   (You found it on level 9 of the Dungeon)

   Dex:       It affects your dexterity (+4).
   rElec:     It insulates you from electricity.
 W - a +1 chain mail of fire resistance
Jewellery
 e - a ring of ice
 i - a ring of protection from fire (left hand)
 m - an amulet of reflection
 y - an amulet of regeneration (around neck)
 G - a ring of flight (right hand)
 L - an amulet of the acrobat
Wands
 B - a wand of light (19)
 F - a wand of iceblast (7)
 K - a wand of paralysis (8)
Scrolls
 a - 2 scrolls of magic mapping
 c - a scroll of poison
 l - a scroll of silence {unknown}
 p - 4 scrolls of enchant armour
 r - a scroll of identify
 t - a scroll of blinking {unknown}
 D - 2 scrolls of fear
 H - 3 scrolls of noise
 I - 2 scrolls of enchant weapon
 Y - 3 scrolls of fog
Potions
 b - a potion of cancellation
 g - 5 potions of brilliance
 k - 2 potions of mutation
 n - 7 potions of curing
 q - 2 potions of ambrosia
 z - a potion of lignification
 A - a potion of degeneration
 M - a potion of magic
 O - 5 potions of attraction
 T - a potion of flight
 X - a potion of haste
Miscellaneous
 Q - a piece from Xom's chessboard (15/15)


   Skills:
 - Level 6.9 Fighting
 + Level 19.1(19.6) Axes
 - Level 7.2(14.3) Polearms
 - Level 6.8 Armour
 - Level 4.4 Dodging
 - Level 0.7 Stealth
 - Level 1.2 Shields


You had 10 spell levels left.
You didn't know any spells.
Your spell library contained the following spells:

 Spells                   Type           Power      Damage    Failure   Level
 Apportation              Tloc           0%         N/A       100%        1
 Foxfire                  Conj/Fire      0%         2x1d4     100%        1
 Necrotise                Necr           0%         1d4       100%        1
 Slow                     Hex            0%         N/A       100%        1
 Summon Small Mammal      Summ           0%         N/A       100%        1
 Blink                    Tloc           0%         N/A       100%        2
 Sublimation of Blood     Necr           0%         N/A       100%        2
 Wereblood                Tmut           0%         N/A       100%        2
 Confusing Touch          Hex            0%         N/A       100%        3
 Conjure Flame            Conj/Fire      0%         6-21      100%        3
 Dazzling Flash           Conj/Hex       0%         N/A       100%        3
 Inner Flame              Hex/Fire       0%         N/A       100%        3
 Lesser Beckoning         Tloc           0%         N/A       100%        3
 Vampiric Draining        Necr           0%         2d6       100%        3
 Animate Armour           Summ/Erth      0%         N/A       100%        4
 Flame Wave               Conj/Fire      0%         2d4       100%        4
 Fulminant Prism          Conj/Hex       0%         3d6       100%        4
 Iskenderun's Mystic Bla  Conj/Tloc      0%         2d3       100%        4
 Agony                    Necr           0%         N/A       100%        5
 Blade Hands              Tmut           0%         N/A       100%        5
 Lee's Rapid Deconstruct  Erth           0%         3d5*      100%        5
 Manifold Assault         Tloc           0%         N/A       100%        5
 Silence                  Hex/Air        0%         N/A       100%        5
 Summon Forest            Summ/Tloc      0%         N/A       100%        5
 Eringya's Noxious Bog    Tmut/Pois      0%         N/A       100%        6
 Iron Shot                Conj/Erth      0%         9d1       100%        6
 Summon Hydra             Summ           0%         N/A       100%        7


Dungeon Overview and Level Annotations

Branches:
Dungeon (13/15)            Temple (0/1) D:5            Lair (0/5) D:8
    Orc: D:9-12      Vaults: D:13-14

Altars:
Ashenzari
Cheibriados
Elyvilon
Fedhas
Hepliaklqana
Kikubaaqudgha
Makhleb
Nemelex Xobeh
Okawaru
Sif Muna
Uskayaw
Wu Jian
Xom
Yredelemnul
Zin
The Shining One

Annotations:
D:13 Maurice


Innate Abilities, Weirdness & Mutations

You have a pair of horns on your head.
You reflexively headbutt those who attack you in melee.


Message History

You block the poisoned dart.
You are too injured to fight recklessly!
The centaur shouts!
You hit the kobold brigand.
The kobold brigand is lightly wounded.
You hit Maurice.
You feel sick.
Maurice hits you with a +0 dagger of speed.
Maurice steals your amulet of magic regeneration!
Maurice puts on an amulet of magic regeneration.
The kobold brigand hits you but does no damage.
The kobold demonologist looks satisfied for a moment.
As you read the scroll of teleportation, it crumbles to dust.
You feel strangely unstable.
You feel sick.
A centaur warrior comes into view.
Maurice hits you but does no damage.
The kobold brigand hits you but does no damage. x2
Maurice zaps a wand.
Your mind is blasted!
The centaur warrior moves out of view.
You feel sick. The crimson imp barely misses you.
Maurice hits you but does no damage.
Your surroundings suddenly seem different.
A troll, 3 skeletal warriors and a red ugly thing come into view.
Found 25 gold pieces.
You feel sick.
The troll shouts!
The red ugly thing gurgles horribly!
You hear a shout!
A centaur warrior comes into view.
You feel sick.
You feel sick.
Found 21 gold pieces.
You feel sick.
You are no longer poisoned.
The centaur warrior wields a +0 shortbow.
The centaur warrior shoots an arrow.
The arrow hits you!
You feel yourself speed up.
The centaur warrior shoots an arrow.
The arrow hits you.
* * * LOW HITPOINT WARNING * * *
The centaur warrior shoots an arrow.
The arrow hits you!!
* * * LOW HITPOINT WARNING * * *
The red ugly thing pecks you.
* * * LOW HITPOINT WARNING * * *
You are engulfed in flames!
You resist.
You die...

.........# #..#
......$..#
#.$#######
.........#
#.........
.........####.......
....................
...........c....#
........zz.zT...#
.........######u..#
..#####..# #.@.# ..#
#..# #...# ..# #..#
#...# ..# #..# #...#
..# #..# #...# ..#
#..######...#
..#####...........#
..........<........
........)).........


You could see a red ugly thing, a skeletal warrior, a centaur warrior and a
troll.

Vanquished Creatures
  A boulder beetle (D:11)
  A hydra (D:11)
  2 deep elf pyromancers (D:12)
  2 manticores (D:12)
  An ugly thing (D:13)
  Joseph (D:7)
  A gargoyle (D:8)
  Maggie (D:7)
  2 unseen horrors
  A kobold demonologist (D:10)
  2 komodo dragons (D:11)
  2 trolls
  A hornet (D:8)
  Grinder (D:5)
  Sigmund (D:3)
  2 shadows
  A wraith (D:9)
  A wyvern (D:9)
  9 yaks
  6 vampire mosquitoes
  2 steam dragons
  Duvessa (D:7)
  3 acid dragons
  A water moccasin (D:6)
  An orc warrior (D:7)
  A black bear (D:6)
  4 ice beasts
  2 centaurs (D:7)
  3 phantoms
  2 kobold brigands
  5 bullfrogs
  A gnoll sergeant (D:13)
  A necrophage (D:7)
  6 scorpions
  10 wights
  A jelly (D:7)
  Dowan (D:7)
  18 killer bees
  9 howler monkeys
  2 hounds
  5 orc priests
  Crazy Yiuf (D:2)
  2 iguanas
  4 orc wizards
  Robin (D:2)
  11 gnolls
  6 adders
  3 white imps
  2 worms
  15 orcs
  8 ball pythons
  8 endoplasms
  3 giant cockroaches (D:2)
  15 goblins
  13 hobgoblins
  7 jackals
  3 quokkas
  5 bats
  4 frilled lizards
  20 kobolds
  2 rats (D:3)
  A butterfly (D:9)
252 creatures vanquished.

Vanquished Creatures (others)
  An orc wizard (D:7)
  3 fungi
  5 plants (D:8)
9 creatures vanquished.

Grand Total: 261 creatures vanquished

Notes
Turn   | Place    | Note
-------+----------+-------------------------------------------
     0 | D:1      | quakins the Minotaur Berserker began the quest for the Orb.
     0 | D:1      | Reached XP level 1. HP: 19/19 MP: 0/0
   358 | D:1      | Reached XP level 2. HP: 14/27 MP: 1/1
   360 | D:1      | Reached skill level 4 in Axes
   656 | D:1      | Reached XP level 3. HP: 33/33 MP: 2/2
   786 | D:1      | Found a faded altar of an unknown god.
   949 | D:2      | Noticed Robin
   963 | D:2      | Reached ** piety under Trog
   969 | D:2      | Killed Robin
  1005 | D:2      | Reached XP level 4. HP: 32/41 MP: 3/3
  1572 | D:3      | Noticed Sigmund
  1589 | D:3      | Killed Sigmund
  1590 | D:3      | Reached skill level 5 in Fighting
  1590 | D:3      | Reached skill level 5 in Axes
  1590 | D:3      | Reached XP level 5. HP: 37/48 MP: 4/4
  1748 | D:3      | Reached XP level 6. HP: 45/56 MP: 5/5
  1789 | D:3      | Found a burning altar of Makhleb.
  1789 | D:3      | Found a glowing silver altar of Zin.
  1790 | D:3      | Noticed an angel
  1790 | D:3      | Noticed a green death
  1817 | D:3      | Found a blossoming altar of Fedhas.
  1964 | D:3      | Found a white marble altar of Elyvilon.
  2061 | D:3      | Reached *** piety under Trog
  2472 | D:4      | Found an iron altar of Okawaru.
  2474 | D:4      | Found an ornate altar of the Wu Jian Council.
  2482 | D:4      | Found a broken altar of Ashenzari.
  2495 | D:4      | Found a shimmering blue altar of Sif Muna.
  2498 | D:4      | Found an ancient bone altar of Kikubaaqudgha.
  2505 | D:4      | Found a sparkling altar of Nemelex Xobeh.
  2652 | D:5      | Entered Level 5 of the Dungeon
  2855 | D:5      | Found a hazy altar of Hepliaklqana.
  3161 | D:5      | Noticed Grinder
  3179 | D:5      | Killed Grinder
  3180 | D:5      | Reached skill level 5 in Armour
  3180 | D:5      | Reached skill level 1 in Shields
  3180 | D:5      | Reached XP level 7. HP: 54/62 MP: 6/6
  3476 | D:5      | Found a staircase to the Ecumenical Temple.
  3575 | D:5      | You fall into a shaft and drop 3 floors!
  3602 | D:8      | Reached skill level 5 in Polearms
  3618 | D:8      | Noticed a hornet
  3635 | D:8      | Killed a hornet
  3636 | D:8      | Reached XP level 8. HP: 66/70 MP: 7/7
  3650 | D:8      | Found a glowing golden altar of the Shining One.
  3956 | D:8      | Found a staircase to the Lair.
  3997 | D:8      | Reached skill level 6 in Axes
  4007 | D:8      | Reached skill level 7 in Axes
  4007 | D:8      | Reached XP level 9. HP: 12/78 MP: 8/8
  4096 | D:8      | Reached skill level 8 in Axes
  4429 | D:8      | Noticed a gargoyle
  4454 | D:8      | Killed a gargoyle
  4455 | D:8      | Reached skill level 9 in Axes
  4666 | D:8      | Reached skill level 10 in Axes
  4834 | D:8      | Found a snail-covered altar of Cheibriados.
  4834 | D:8      | Found a hide-covered altar of Uskayaw.
  5358 | D:7      | Noticed Duvessa
  5374 | D:7      | Killed Duvessa
  5376 | D:7      | Noticed Dowan
  5388 | D:7      | Killed Dowan
  5390 | D:7      | Reached skill level 11 in Axes
  5489 | D:7      | Reached **** piety under Trog
  5584 | D:7      | Noticed Maggie
  5604 | D:7      | Killed Maggie
  5605 | D:7      | Reached skill level 12 in Axes
  5866 | D:7      | Reached XP level 10. HP: 84/84 MP: 9/9
  5972 | D:7      | Noticed Joseph
  5988 | D:7      | Killed Joseph
  5989 | D:7      | Reached skill level 13 in Axes
  6504 | D:6      | Reached skill level 14 in Axes
  8415 | D:3      | Found a basalt altar of Yredelemnul.
  8686 | D:2      | Found a runed translucent door.
  8687 | D:2      | Noticed Crazy Yiuf
  8791 | D:2      | Found a shimmering altar of Xom.
  9156 | D:2      | Killed Crazy Yiuf
 10307 | D:9      | Found a shimmering altar of Xom.
 10331 | D:9      | Reached skill level 15 in Axes
 10400 | D:9      | Identified the +0 pair of boots of Disaster {rElec Dex+4}
 10944 | D:10     | Entered Level 10 of the Dungeon
 10944 | D:10     | Noticed an orc knight
 10947 | D:10     | Noticed a cyclops
 10947 | D:10     | Noticed an orc knight
 10978 | D:10     | Noticed an ogre mage
 10978 | D:10     | Noticed an orc knight
 11008 | D:10     | Noticed a tengu warrior
 11347 | D:10     | Reached skill level 16 in Axes
 11413 | D:10     | Reached XP level 11. HP: 90/91 MP: 10/10
 11460 | D:10     | Identified the +5 flail "Meurcho Caeke" {freeze, rF+ rC++
                  | Str-2 Int+3}
 11931 | D:11     | Noticed a boulder beetle
 11941 | D:11     | Killed a boulder beetle
 12029 | D:11     | Reached skill level 17 in Axes
 12284 | D:11     | Noticed a seven-headed hydra
 12304 | D:11     | Killed a 13-headed hydra
 12727 | D:11     | Reached skill level 18 in Axes
 12872 | D:12     | Noticed a deep elf pyromancer
 12890 | D:12     | Killed a deep elf pyromancer
 12903 | D:12     | Noticed a deep elf pyromancer
 12976 | D:12     | Killed a deep elf pyromancer
 13131 | D:12     | Noticed a green ugly thing
 13145 | D:13     | Killed a green ugly thing
 13146 | D:13     | Reached skill level 19 in Axes
 13262 | D:13     | Noticed Maurice
 13275 | D:13     | Noticed a centaur warrior
 13277 | D:13     | Noticed a skeletal warrior
 13277 | D:13     | Noticed a skeletal warrior
 13277 | D:13     | Noticed a skeletal warrior
 13277 | D:13     | Noticed a red ugly thing
 13277 | D:13     | Noticed a centaur warrior
 13288 | D:13     | Slain by a red ugly thing

Illustrated notes

Levels and vault maps discovered:
D:1:      ncdulo_wetmaze, layout_rooms, hellmonk_ecumenical_altar_inner_sanctum
D:2:      layout_basic, basic_altar, uniq_robin, uniq_crazy_yiuf_cottage
D:3:      layout_loops_ring, grunt_temple_overflow_order_and_chaos_2,
          kennysheep_ying_yang, mainiacjoe_overflow_tiny_flanked, moated_statue,
          uniq_sigmund
D:4:      kb_forest_paths, layout_basic, nicolae_overflow_hallway_of_the_gods
D:5:      layout_gridville, lemuel_coloured_pillars_altar, temple_fountains,
          uniq_grinder
D:6:      layout_basic, kennysheep_generic_room_8
D:7:      layout_basic, grunt_ministairs_8, uniq_joseph, uniq_duvessa,
          uniq_maggie
D:8:      nicolae_cairo_tiling_large, layout_basic,
          nicolae_overflow_two_pavilions, mainiacjoe_overflow_chevrons,
          kennysheep_small_square
D:9:      layout_gridville, xom_butterflies
D:10:     layout_basic, minivault_12
D:11:     layout_stronghold
D:12:     layout_loops_ring, minmay_orc_entry_guard_dogs
D:13:     layout_small_grid, uniq_maurice, uniq_sonja

Skill      XL: |  1  2  3  4  5  6  7  8  9 10 11 |
---------------+----------------------------------+-----
Fighting       | 4 5 6 |  6.9
Axes           | 4 5 7 12 16 19 | 19.1
Armour         | 3 5 6 |  6.8
Polearms       | 2 4 5 7 |  7.2
Dodging        | 3 4 |  4.4
Shields        | 1 |  1.2
Stealth        | |  0.7

Action                   |  1- 3 |  4- 6 |  7- 9 | 10-12 || total
-------------------------+-------+-------+-------+-------++-------
Melee: Hand axe          |    12 |       |   152 |   221 ||   385
       Headbutt          |     7 |    16 |    49 |    86 ||   158
       Spear             |    43 |   118 |    79 |       ||   240
       Punch             |     1 |       |     8 |       ||     9
       War axe           |       |       |       |   181 ||   181
Invok: Berserk           |     2 |     1 |     5 |     6 ||    14
       Trog's Hand       |       |       |     1 |     1 ||     2
  Use: Potion            |       |     2 |     2 |     4 ||     8
       Scroll            |       |       |       |    17 ||    17
Armor: Animal skin       |     7 |       |       |       ||     7
       Ring mail         |    13 |    37 |       |       ||    50
       Plate armour      |       |       |   133 |   268 ||   401
Dodge: Dodged            |    47 |    43 |   123 |   126 ||   339
Block: Other             |     5 |    10 |       |       ||    15
       Buckler           |       |       |     9 |    63 ||    72
